 Dungeon Crawl Stone Soup version 0.31-a0-672-g7da72447bb (webtiles) character file.

Game seed: 7557704544475439942

2776 jlumianski the Cleaver (level 9, -1/69 HPs)
             Began as a Demonspawn Fighter on Sept 4, 2023.
             Was a Believer of Qazlal.
             Slain by a two-headed ogre
             ... wielding a +0 giant spiked club
              (17 damage)
             ... on level 8 of the Dungeon.
             The game lasted 00:32:38 (8394 turns).

jlumianski the Cleaver (Demonspawn Fighter)         Turns: 8394, Time: 00:32:38

Health: -1/69      AC: 19    Str: 20    XL:     9   Next: 42%
Magic:  12/12      EV:  9    Int: 11    God:    Qazlal [**....]
Gold:   515        SH: 11    Dex: 12    Spells: 8/8 levels left

rFire   . . .        a - +1 war axe
rCold   . . .        c - +0 buckler
rNeg    . . .        N - +0 plate armour
rPois   +            (no helmet)
rElec   .            t - +2 cloak
rCorr   .            P - +2 pair of gloves
SInv    .            z - +0 pair of boots
Will    +....        (no amulet) Stlth
                     m - ring of willpower
HPRegen 0.31/turn    E - ring of poison resistance
MPRegen 0.13/turn

%: no passive effects
@: no status effects
A: sturdy frame 3, condensation shield
a: Renounce Religion, Upheaval


You were on level 8 of the Dungeon.
You worshipped Qazlal.
Qazlal was pleased with you.
You visited 2 branches of the dungeon, and saw 10 of its levels.
You also visited: Ossuary.

You collected 515 gold pieces.

Inventory:

Hand Weapons
 a - a +1 war axe (weapon)
Missiles
 h - 93 stones
 k - 10 poisoned darts (quivered)
 D - 2 throwing nets
 H - 3 boomerangs
Armour
 b - a +0 scale mail
 c - a +0 buckler (worn)
 t - a +2 cloak (worn)
 v - a +0 chain mail
 z - a +0 pair of boots (worn)
 K - a +1 scale mail of fire resistance
 N - a +0 plate armour (worn)
 P - a +2 pair of gloves (worn)
Jewellery
 j - a ring of fire
 m - a ring of willpower (left hand)
 E - a ring of poison resistance (right hand)
 L - a ring of magical power
 M - a +6 ring of intelligence
Talismans
 o - a serpent talisman
Wands
 e - a wand of flame (8)
 C - a wand of digging (5)
 F - a wand of roots (14)
Scrolls
 l - 4 scrolls of fear
 p - 6 scrolls of noise
 q - 3 scrolls of immolation
 s - 3 scrolls of blinking
 w - 3 scrolls of teleportation
 y - a scroll of amnesia
 A - 4 scrolls of revelation
 G - a scroll of vulnerability
 I - a scroll of enchant weapon
 O - a scroll of fog
Potions
 d - 2 potions of might
 f - 2 potions of magic
 g - a potion of attraction
 i - 2 potions of resistance
 n - a potion of enlightenment
 r - 3 potions of curing
 u - 6 potions of heal wounds
 x - a potion of ambrosia
 B - a potion of haste
 J - a potion of mutation


   Skills:
 * Level 6.3 Fighting
 + Level 8.2 Axes
 + Level 0.1 Throwing
 + Level 5.0 Armour
 + Level 2.1 Dodging
 + Level 4.9 Shields
 * Level 4.4 Invocations
 + Level 0.3 Evocations


You had 8 spell levels left.
You didn't know any spells.
Your spell library contained the following spells:

 Spells                   Type           Power      Damage    Failure   Level
 Apportation              Tloc           0%         N/A       88%         1
 Magic Dart               Conj           0%         1d3       88%         1
 Necrotise                Necr           0%         1d4       88%         1
 Summon Small Mammal      Summ           0%         N/A       88%         1
 Call Imp                 Summ           0%         N/A       95%         2
 Inner Flame              Hex/Fire       0%         N/A       99%         3
 Mephitic Cloud           Conj/Pois/Air  0%         N/A       99%         3
 Ozocubu's Armour         Ice            0%         N/A       99%         3
 Summon Guardian Golem    Hex/Summ       0%         N/A       99%         3
 Vampiric Draining        Necr           0%         2d6       99%         3
 Flame Wave               Conj/Fire      0%         2d4       100%        4
 Sticky Flame             Conj/Fire      0%         2d3       100%        4
 Agony                    Necr           0%         N/A       100%        5
 Orb of Destruction       Conj           0%         9d5       100%        7
 Ozocubu's Refrigeration  Ice            0%         4d7       100%        7
 Spellforged Servitor     Conj/Summ      0%         N/A       100%        7


Dungeon Overview and Level Annotations

Branches:
Dungeon (9/15)             Temple (1/1) D:5         Ossuary (visited)
   Lair: D:8-11         Orc: D:9-12

Altars:
Ashenzari
Cheibriados
Dithmenos
Fedhas
Gozag
Hepliaklqana
Makhleb
Nemelex Xobeh
Okawaru
Qazlal
Ru
Sif Muna
Trog
Uskayaw
Vehumet
Wu Jian
Xom
Yredelemnul

Shops:
D:5 [


Innate Abilities, Weirdness & Mutations

Your movements are significantly less encumbered by armour. (ER -6)
A meltable shield of frost defends you. (SH +4)


Message History

The two-headed ogre hits you but does no damage. x2
The acid dragon spits acid at you. You block the splash of acid.
There is a stone staircase leading up here.
The two-headed ogre hits you with a +0 giant spiked club!
The two-headed ogre hits you with a +0 giant club.
You climb upwards.
There is a stone staircase leading down here.
You closely miss the two-headed ogre. You closely miss the two-headed ogre.
The two-headed ogre hits you with a +0 giant spiked club!
The two-headed ogre barely misses you.
You hit the two-headed ogre.
The two-headed ogre is lightly wounded.
The two-headed ogre closely misses you. You block the two-headed ogre's attack.
You hit the two-headed ogre but do no damage.
The two-headed ogre is lightly wounded.
The two-headed ogre closely misses you.
The two-headed ogre hits you but does no damage.
You slash the two-headed ogre!
The two-headed ogre is moderately wounded.
You slash the two-headed ogre!
The two-headed ogre is heavily wounded.
The two-headed ogre barely misses you.
The two-headed ogre hits you with a +0 giant club!
You hit the two-headed ogre.
The two-headed ogre is heavily wounded.
The two-headed ogre hits you with a +0 giant spiked club!
The two-headed ogre hits you with a +0 giant club!!
* * * LOW HITPOINT WARNING * * *
You feel much better. You block the two-headed ogre's attack.
The two-headed ogre closely misses you.
You barely miss the two-headed ogre.
The two-headed ogre is heavily wounded.
You slash the two-headed ogre!
The two-headed ogre is severely wounded.
The two-headed ogre hits you with a +0 giant spiked club!
* * * LOW HITPOINT WARNING * * *
The two-headed ogre hits you with a +0 giant club!
You die...

...#.......#....'...#............
..##...#####.)..#..###..#########
..##...##..#....#..##############
...........#....#...........'...#
...........'....#[)[........#...'
...........#....#..[........#...#
#####+######....#..#######..#####
..............###..###..##..### #
..............+O@.............#
..............#...............#
..............##'##.##.###.####
########'###......#.##.###'#####
.'...#.....#......#............#
.#...#.....#......#............#
.#...#.....#......#............#
.#...#.....#......+............#
############......##'#####.#####


You could see a two-headed ogre.

Vanquished Creatures
  2 water moccasins
  An ice beast (D:5)
  An orc warrior (D:7)
  3 sky beasts
  A centaur (D:8)
  2 ogres
  A phantom (D:6)
  3 bullfrogs
  Blork the orc (D:4)
  A scorpion (D:5)
  5 wights (D:8)
  2 hounds (D:5)
  A jelly (D:6)
  2 gnoll boudas
  3 human zombies (Ossuary)
  8 orc priests
  Ijyb (D:5)
  Natasha (thrice) (D:3)
  Terence (D:3)
  8 orc wizards
  6 mummies
  11 gnolls
  6 adders
  A shadow imp (D:5)
  An ufetubus (D:3)
  A worm (D:2)
  3 dart slugs
  31 orcs
  8 endoplasms
  4 giant cockroaches
  A gnoll zombie (Ossuary)
  17 goblins
  14 hobgoblins
  2 jackals (D:1)
  10 kobolds
  5 quokkas
  3 ball pythons
  5 bats
  4 frilled lizards
  2 goblin zombies (Ossuary)
  A hobgoblin zombie (Ossuary)
  A kobold zombie (Ossuary)
  4 rats
191 creatures vanquished.

Notes
Turn   | Place    | Note
-------+----------+-------------------------------------------
     0 | D:1      | jlumianski the Demonspawn Fighter began the quest for the
                  | Orb.
     0 | D:1      | Reached XP level 1. HP: 18/18 MP: 1/1
    48 | D:3      | Noticed Terence
   198 | D:1      | Gained mutation: Your movements are slightly less
                  | encumbered by armour. (ER -2) [demonic ancestry]
   198 | D:1      | Reached XP level 2. HP: 24/24 MP: 2/2
   255 | D:1      | Reached skill level 2 in Axes
   597 | D:1      | Reached XP level 3. HP: 29/29 MP: 3/3
  1483 | D:2      | Gained mutation: A meltable shield of frost defends you.
                  | (SH +4) [demonic ancestry]
  1483 | D:2      | Reached XP level 4. HP: 35/35 MP: 4/4
  1623 | D:2      | Reached skill level 3 in Axes
  1784 | D:2      | Found a faded altar of an unknown god.
  2283 | D:3      | Killed Terence
  2284 | D:3      | Reached XP level 5. HP: 36/41 MP: 5/5
  2375 | D:5      | Entered Level 5 of the Dungeon
  2389 | D:4      | Noticed Blork the orc
  2763 | D:3      | Noticed Natasha
  2773 | D:3      | Killed Natasha
  2897 | D:3      | Reached skill level 1 in Dodging
  3170 | D:3      | Noticed Natasha
  3261 | D:3      | Killed Natasha
  3262 | D:3      | Reached skill level 4 in Axes
  3282 | D:3      | Reached XP level 6. HP: 12/48 MP: 6/6
  3476 | D:3      | Noticed Natasha
  3484 | D:3      | Killed Natasha
  3644 | D:6      | Found a sand-covered staircase.
  3662 | Ossuary  | Entered an ossuary
  3908 | Ossuary  | Reached XP level 7. HP: 48/54 MP: 7/7
  4022 | D:6      | Reached skill level 5 in Axes
  4325 | D:5      | Found Uluruyl's Armour Shop.
  4432 | D:5      | Found a staircase to the Ecumenical Temple.
  4438 | Temple   | Entered the Ecumenical Temple
  4453 | Temple   | Became a worshipper of Qazlal Stormbringer
  4647 | D:5      | Reached skill level 6 in Axes
  4647 | D:5      | Gained mutation: Your movements are less encumbered by
                  | armour. (ER -4) [demonic ancestry]
  4647 | D:5      | Reached XP level 8. HP: 61/61 MP: 8/8
  4692 | D:5      | Reached skill level 5 in Fighting
  5113 | D:4      | Killed Blork the orc
  5429 | D:5      | Noticed Ijyb
  5445 | D:5      | Killed Ijyb
  5452 | D:5      | Reached skill level 7 in Axes
  5718 | D:6      | Reached * piety under Qazlal
  5901 | D:6      | Reached skill level 1 in Invocations
  6648 | D:7      | Reached ** piety under Qazlal
  6980 | D:7      | Gained mutation: Your movements are significantly less
                  | encumbered by armour. (ER -6) [demonic ancestry]
  6980 | D:7      | Reached XP level 9. HP: 66/69 MP: 9/11
  7135 | D:7      | Found a hazy altar of Hepliaklqana.
  7536 | D:8      | Reached skill level 8 in Axes
  7637 | D:8      | Reached skill level 5 in Armour
  8267 | D:9      | Noticed a two-headed ogre
  8394 | D:8      | Slain by a two-headed ogre

Illustrated notes

Levels and vault maps discovered:
D:1:      dpeg_arrival_tiny_k, layout_basic
D:2:      minmay_angry_zag, layout_loops_corners,
          shapermc_ecumenical_altar_hornbeckon, minmay_misc_feat_tower
D:3:      layout_rooms, uniq_terence, uniq_natasha
D:4:      layout_rooms, minivault_26, grunt_ministairs_2, nicolae_eternal_life,
          minmay_misc_feat_room, uniq_blork_the_orc
D:5:      layout_cave_pods, temple_green, serial_shops,
          nicolae_shop_rolling_square, skrybe_limestone_x,
          minmay_misc_feat_rugged, dk_rats_in_the_wall, uniq_ijyb
D:6:      corexii_shantytown, layout_gridville, gup_ossuary_entry_pyramid,
          kennysheep_generic_room_2
D:7:      layout_cave_pods, mainiacjoe_overflow_catch_the_wave,
          serial_column_ruins, column_ruins_open_medium,
          column_ruins_open_small, column_ruins_grid_1, column_ruins_open_large,
          column_ruins_grid_4, column_ruins_grid_3, column_ruins_grid_4,
          minmay_misc_feat_chi
D:8:      layout_gridville
D:9:      layout_roguey, dpeg_oklobed_lair, hangedman_decor_lopped,
          uniq_erolcha, uniq_pikel
Temple:   compressed_dpeg_triangle_lava_temple

Skill      XL: |  1  2  3  4  5  6  7  8  9 |
---------------+----------------------------+-----
Axes           | 2 3 4 6 7 8 |  8.2
Armour         | 3 4 5 |  5.0
Shields        | 3 4 |  4.9
Dodging        | 1 2 |  2.1
Fighting       | 4 5 6 |  6.3
Invocations    | 2 4 |  4.4
Throwing       | |  0.1
Evocations     | |  0.3

Action                     |  1- 3 |  4- 6 |  7- 9 || total
---------------------------+-------+-------+-------++-------
  Melee: War axe           |   111 |   200 |   334 ||   645
  Throw: Dart              |       |       |     6 ||     6
 Invoke: Upheaval          |       |       |     1 ||     1
  Evoke: Wand              |       |     8 |     2 ||    10
    Use: Scroll            |       |    11 |     9 ||    20
         Potion            |       |     4 |     2 ||     6
 Armour: Scale mail        |    95 |    63 |       ||   158
         Chain mail        |       |    63 |   162 ||   225
         Plate armour      |       |       |    71 ||    71
  Dodge: Dodged            |    55 |    80 |   116 ||   251
  Block: Buckler           |    29 |    70 |   179 ||   278

Table legend: (Time is in decaauts)
 A = Elapsed time spent in this place.
 B = Non-inter-level travel time spent in this place.
 C = Inter-level travel time spent in this place.
 D = Time resting spent in this place.
 E = Time spent auto-exploring this place.
 F = Levels seen in this place.
 G = Mean time per level.
                   A        B        C        D        E       F      G
               +--------+--------+--------+--------+--------+-----+--------+
         Total |   8599 |   8413 |    186 |    905 |   4298 |  11 |  781.7 |
       Dungeon |   8218 |   8032 |    186 |    859 |   4287 |   9 |  913.1 |
        Temple |     25 |     25 |      0 |      0 |      0 |   1 |   25.0 |
       Ossuary |    355 |    355 |      0 |     46 |     11 |   1 |  355.0 |
               +--------+--------+--------+--------+--------+-----+--------+

Top non-repeatable levels by time:
     D:2: 1364 daAuts
     D:6: 1249 daAuts
     D:5: 1098 daAuts
     D:8: 1084 daAuts
     D:1: 965 daAuts
     D:3: 862 daAuts
     D:7: 790 daAuts
     D:4: 752 daAuts
 Ossuary: 355 daAuts
     D:9: 52 daAuts
  Temple: 25 daAuts
